 Dungeon Crawl Stone Soup version 0.21-a0-364-gbd1fde4 (webtiles) character file.

35 vishdafish the Charmwright (level 3, 0/27 HPs)
             Began as a Demonspawn Skald on Oct 14, 2017.
             Succumbed to an adder's poison
             ... on level 1 of the Dungeon.
             The game lasted 00:01:34 (1357 turns).

vishdafish the Charmwright (Demonspawn Skald)       Turns: 1357, Time: 00:01:35

Health: 0/27       AC:  5    Str: 16    XL:     3   Next: 17%
Magic:  6/6        EV: 12    Int: 15    God:
Gold:   56         SH:  0    Dex: 12    Spells: 5/6 levels left

rFire    . . .     SeeInvis .   a - +0 hand axe
rCold    . . .     Gourm    .   (no shield)
rNeg     . . .     Faith    .   b - +0 leather armour
rPois    .         Spirit   .   (no helmet)
rElec    .         Reflect  .   (no cloak)
rCorr    .         Harm     .   (no gloves)
MR       .....                  (no boots)
Stlth    +.........             (no amulet)
HPRegen  0.09/turn              (no ring)
MPRegen  0.10/turn              (no ring)

@: mighty, lethally poisoned (0 -> -2)
A: thin metallic scales 1
a: no special abilities


You were on level 1 of the Dungeon.
You were hungry.

You visited 1 branch of the dungeon, and saw 2 of its levels.

You collected 56 gold pieces.

Inventory:

Hand Weapons
 a - a +0 hand axe (weapon)
Armour
 b - a +0 leather armour (worn)
Scrolls
 f - a scroll of identify {unknown}
 g - 2 scrolls of teleportation {unknown}
Books
 c - a book of Battle

   Spells                             Type                      Level
   a - Infusion                       Charms                       1
   b - Shroud of Golubria             Charms/Translocation         2
   c - Song of Slaying                Charms                       2
   d - Spectral Weapon                Hexes/Charms                 3
   e - Regeneration                   Charms/Necromancy            3
Comestibles
 d - a bread ration


   Skills:
 - Level 2.0 Fighting
 + Level 2.2 Axes
 + Level 1.3 Armour
 + Level 2.1 Dodging
 - Level 2.1 Spellcasting
 + Level 3.1 Charms


You had 5 spell levels left.
You knew the following spells:

 Your Spells              Type           Power        Failure   Level  Hunger
a - Infusion              Chrm           ##..         8%          1    #......


Dungeon Overview and Level Annotations

Branches:
Dungeon (2/15)

Altars:

Annotations:
D:1 Terence


Innate Abilities, Weirdness & Mutations

You are partially covered in thin metallic scales. (AC +2)


Message History

There is a stone staircase leading up, spattered with blood here.
The frilled lizard closely misses you.
The hobgoblin hits you but does no damage.
Terence hits you but does no damage.
You climb upwards.
You feel sick.
There is a stone staircase leading down here.
You slash the frilled lizard!
You kill the frilled lizard!
You completely miss the hobgoblin. The hobgoblin hits you with a club.
* * * LOW HITPOINT WARNING * * *
It was a potion of magic.
Magic courses through your body. The hobgoblin hits you with a club.
* * * LOW HITPOINT WARNING * * *
It was a potion of might.
You feel very mighty all of a sudden. The hobgoblin misses you.
Your magical contamination has completely faded away.
You slash the hobgoblin!
You kill the hobgoblin!
You die...

#.#####################.# #.#
#.# #.# ###.##### #.#
#.......# #.# #.......# #.#
#.......# #.# #.......#
#.###################..†....#
#.#...........@)@..####'#####
#.#.#.....########## #.#
..#.#.....# ###'######
###.#.....###########........#
###.#........................#
....#........................#
...........######...#........#
......####.# #...#........#
......####'#### #)..#....#+###


You could see Terence.

Vanquished Creatures
  An ooze (D:1)
  3 bats (D:1)
  A giant cockroach (D:1)
  6 goblins
  3 hobgoblins (D:1)
  8 jackals
  A kobold (D:1)
  A quokka (D:2)
  A frilled lizard (D:1)
25 creatures vanquished.

Notes
Turn   | Place    | Note
-------+----------+-------------------------------------------
     0 | D:1      | vishdafish the Demonspawn Skald began the quest for the Orb.
     0 | D:1      | Reached XP level 1. HP: 16/16 MP: 3/3
   250 | D:1      | Reached skill level 1 in Armour
   250 | D:1      | Gained mutation: You are partially covered in thin metallic scales. (AC +2) [demonic ancestry]
   250 | D:1      | Reached XP level 2. HP: 16/22 MP: 5/5
   315 | D:1      | Reached skill level 3 in Charms
  1044 | D:2      | Reached XP level 3. HP: 15/27 MP: 2/6
  1345 | D:2      | Noticed Terence
  1346 | D:2      | Noticed a phantom
  1355 | D:1      | HP: 1/27 [hobgoblin/club (4)]
  1357 | D:1      | Succumbed to an adder's poison

Vault maps used:
D:1:      minmay_arrival_semitransparent
D:2:      uniq_natasha, uniq_terence

Skill      XL: |  1  2 |
---------------+-------+-----
Axes           | 2 |  2.2
Armour         | 1 |  1.3
Dodging        | 2 |  2.1
Charms         | 3 |  3.1
Fighting       | |  2.0
Spellcasting   | |  2.1

Action                   || total
-------------------------++-------
Melee: Hand axe          ||    87
 Cast: Infusion          ||     2
  Use: Potion            ||     2
 Stab: Sleeping          ||     1
  Eat: Chunk             ||     1
Armor: Leather armour    ||    35
Dodge: Dodged            ||    73

Table legend:
 A = Spawn XP
 B = Non-spawn XP
 C = Spawn XP percentage of total XP
 D = Spawn monster count
 E = Non-spawn monster count
 F = Spawn count percentage of total count
 G = Total turns spent on level
                    A         B        C        D         E        F      G
               +---------+---------+-------+---------+---------+-------+---------
         Total |       0 |      51 |   0.0 |       0 |      25 |   0.0 |  1357
               +---------+---------+-------+---------+---------+-------+---------
           D:1 |       0 |      35 |   0.0 |       0 |      17 |   0.0 |   977
           D:2 |       0 |      16 |   0.0 |       0 |       8 |   0.0 |   380
               +---------+---------+-------+---------+---------+-------+---------
